 Dungeon Crawl Stone Soup version 0.24-a0-464-g6b2be6b8c7 (webtiles) character file.

Game seed: 363756635030134130

0 Gargoyl the Skirmisher (level 1, 0/19 HPs)
             Began as a Centaur Abyssal Knight on July 4, 2019.
             Was a Follower of Lugonu.
             Slain by a sixfirhy (12 damage)
             ... on level 1 of the Abyss.
             The game lasted 00:00:46 (176 turns).

Gargoyl the Skirmisher (Centaur Abyssal Knight)      Turns: 176, Time: 00:00:47

Health: 0/19       AC:  4    Str: 14    XL:     1   Next: 0%
Magic:  2/2        EV:  9    Int: 11    God:    Lugonu [*.....]
Gold:   16         SH:  0    Dex:  8    Spells: 0/0 levels left

rFire    . . .     SeeInvis .   a - +2 hand axe
rCold    . . .     Gourm    .   (no shield)
rNeg     . . .     Faith    .   b - +0 leather armour
rPois    .         Spirit   .   (no helmet)
rElec    .         Reflect  .   (no cloak)
rCorr    .         Harm     .   (no gloves)
MR       .....                  (no barding)
Stlth    ..........             (no amulet)
HPRegen  0.06/turn              (no ring)
MPRegen  0.08/turn              (no ring)

@: very quick
A: large, hooves 3, deformed body, speed 2, tough skin 3
a: Depart the Abyss, Renounce Religion


You were on level 1 of the Abyss.
You worshipped Lugonu.
Lugonu was aware of your devotion.
You were not hungry.

You visited 0 branches of the dungeon, and saw 0 of its levels.
You visited the Abyss 1 time.

You collected 16 gold pieces.

Inventory:

Hand Weapons
 a - a +2 hand axe (weapon)
Armour
 b - a +0 leather armour (worn)
Comestibles
 c - a ration


   Skills:
 + Level 3.0 Fighting
 + Level 1.7 Axes
 + Level 1.3 Armour
 + Level 0.6 Dodging
 + Level 2.0 Invocations


You couldn't memorise any spells.
You didn't know any spells.
Your spell library was empty.

Dungeon Overview and Level Annotations

Branches:
Dungeon (0/15)

Altars:


Innate Abilities, Weirdness & Mutations

You have hooves in place of feet.
Armour fits poorly on your strangely shaped body.
You cover ground very quickly.
You have extremely tough skin. (AC +3)


Message History

A ghost moth simulacrum comes into view.
A large abomination comes into view.
Found a viscous blue potion.
Unknown command.
You see here a viscous blue potion.
d - a viscous blue potion It was a potion of curing.
You feel better.
Found a gateway leading out of the Abyss.
Found 16 gold pieces.
An iron imp comes into view.
The iron imp shouts!
The iron imp lashes its tail.
A sixfirhy comes into view.
The sixfirhy moves out of view.
A thrashing horror comes into view.
You see here 16 gold pieces.
You now have 16 gold pieces.
The sixfirhy barely misses you. The sixfirhy hits you! The sixfirhy shocks you!
Ouch! That really hurt!
You die...

#. .. ##. # ..##
##. #.#.# #..#
.#.# #...###...##
#..#..#X##..###
#....@...#.#.#
#.#.##3##5.#.#.
#.....#.#.### #
#..#....#...# #.#
#..#.#....#.####∩
##....##.#...#..#
...## #..#.#..#
..## #.#.##....
#### #..##...#


You could see a thrashing horror, a sixfirhy and an iron imp.

Vanquished Creatures (others)
  3 starspawn tentacles (Abyss:1)
3 creatures vanquished.

Notes
Turn   | Place    | Note
-------+----------+-------------------------------------------
     0 | Abyss:1  | Gargoyl the Centaur Abyssal Knight began the quest for the
                  | Orb.
     0 | Abyss:1  | Reached XP level 1. HP: 19/19 MP: 2/2
    14 | Abyss:1  | Found an iron altar of Okawaru.
    54 | Abyss:1  | Noticed a ynoxinul
    63 | Abyss:1  | Found a shimmering altar of Xom.
    63 | Abyss:1  | Found a shimmering altar of Xom.
    63 | Abyss:1  | Found a shimmering altar of Xom.
    64 | Abyss:1  | Found a shimmering altar of Xom.
    70 | Abyss:1  | Found a shimmering altar of Xom.
    71 | Abyss:1  | Found a shimmering altar of Xom.
    72 | Abyss:1  | Found a corrupted altar of Lugonu.
    72 | Abyss:1  | Found a shimmering altar of Xom.
    73 | Abyss:1  | Found a shimmering altar of Xom.
    73 | Abyss:1  | Found a shimmering altar of Xom.
    73 | Abyss:1  | Found a shimmering altar of Xom.
    74 | Abyss:1  | Found a shimmering altar of Xom.
    74 | Abyss:1  | Found a shimmering altar of Xom.
    74 | Abyss:1  | Found a shimmering altar of Xom.
    74 | Abyss:1  | Found a shimmering altar of Xom.
    75 | Abyss:1  | Found a shimmering altar of Xom.
    75 | Abyss:1  | Found a shimmering altar of Xom.
    85 | Abyss:1  | Noticed a tentacled starspawn
   127 | Abyss:1  | Noticed a ghost moth simulacrum
   128 | Abyss:1  | Noticed a large abomination
   147 | Abyss:1  | Noticed a shadow dragon skeleton
   169 | Abyss:1  | Noticed an iron imp
   171 | Abyss:1  | Noticed a sixfirhy
   174 | Abyss:1  | Noticed a thrashing horror
   176 | Abyss:1  | Slain by a sixfirhy

Levels and vault maps discovered:
Abyss:1:  minivault_4

Action                   || total
-------------------------++-------
  Use: Scroll            ||     1
       Potion            ||     1
Dodge: Dodged            ||     1

Table legend:
 A = Non-vault XP
 B = Vault XP
 C = Vault XP percentage of total XP
 D = Non-vault monster count
 E = Vault monster count
 F = Vault count percentage of total count
                 A         B        C        D         E       F
            +---------+---------+-------+---------+---------+-------
      Total |       0 |       0 |   N/A |       0 |       0 |  -nan
            +---------+---------+-------+---------+---------+-------
            +---------+---------+-------+---------+---------+-------
